 Dungeon Crawl Stone Soup version 0.29-a0-824-gd827844252 (webtiles) character file.

Game seed: 9943994580797982823

12567 pokeman the Eclecticist (level 11, -1/61 HPs)
             Began as a Deep Elf Hedge Wizard on July 9, 2022.
             Was a Priest of Vehumet.
             Slain by a skeletal warrior
             ... wielding a +0 glaive
              (17 damage)
             ... on level 11 of the Dungeon.
             The game lasted 00:33:17 (14859 turns).

pokeman the Eclecticist (Deep Elf Hedge Wizard)    Turns: 14859, Time: 00:33:18

Health: -1/61      AC: 10    Str:  7    XL:     11   Next: 64%
Magic:  12/32      EV: 12    Int: 30    God:    Vehumet [***...]
Gold:   402        SH:  0    Dex: 14    Spells: 3/41 levels left

rFire   . . .      SeeInvis .   F - +7 Throatcutter {drain, coup de grace}
rCold   . . .      Faith    .   (no shield)
rNeg    . . .      Spirit   .   v - +3 leather armour
rPois   .          Reflect  .   f - +0 helmet
rElec   .          Harm     .   (no cloak)
rCorr   .          Rampage  .   (no gloves)
Will    +....                   L - +2 pair of boots {Stlth+}
Stlth   +++.......              H - amulet of the acrobat
HPRegen 0.20/turn               E - +6 ring of intelligence
MPRegen 0.23/turn               (no ring)

@: no status effects
A: no striking features
a: Renounce Religion


You were on level 11 of the Dungeon.
You worshipped Vehumet.
Vehumet was most pleased with you.
You visited 1 branch of the dungeon, and saw 13 of its levels.

You collected 792 gold pieces.
You spent 390 gold pieces at shops.

Inventory:

Hand Weapons
 F - the +7 Throatcutter (weapon) {drain, coup de grace}
   (You found it on level 8 of the Dungeon)

   A truly terrible weapon, it drains the life of any living foe it strikes.
   It may instantly kill foes which have little health.
Missiles
 r - a throwing net
Armour
 f - a +0 helmet (worn)
 v - a +3 leather armour (worn)
 A - a +2 buckler
 L - a +2 pair of boots of stealth (worn)
Magical Staves
 i - a staff of death
Jewellery
 E - a +6 ring of intelligence (left hand)
 H - an amulet of the acrobat (around neck)
Wands
 c - a wand of charming (9)
 q - a wand of quicksilver (6)
 u - a wand of flame (24)
 I - a wand of roots (6)
Scrolls
 a - 11 scrolls of identify {unknown}
 g - 2 scrolls of fear {unknown}
 j - 3 scrolls of poison {unknown}
 l - 6 scrolls of teleportation {unknown}
 m - 2 scrolls of brand weapon {unknown}
 n - 3 scrolls of magic mapping {unknown}
 p - a scroll of acquirement {unknown}
 t - 3 scrolls of amnesia {unknown}
 y - 2 scrolls of noise {unknown}
 B - 3 scrolls of enchant armour {unknown}
 J - a scroll of blinking {unknown}
 K - a scroll of immolation {unknown}
Potions
 b - a potion of cancellation {unknown}
 d - 2 potions of magic
 e - 7 potions of heal wounds
 h - 5 potions of mutation {unknown}
 k - 5 potions of curing
 o - 2 potions of might {unknown}
 s - a potion of invisibility {unknown}
 w - a potion of ambrosia {unknown}
 x - a potion of attraction {unknown}
 z - 2 potions of degeneration {unknown}
 C - 3 potions of lignification {unknown}
 D - 2 potions of brilliance {unknown}
 G - 2 potions of flight


   Skills:
 - Level 4.0 Fighting
 + Level 3.9 Armour
 - Level 3.0 Dodging
 - Level 3.1 Stealth
 - Level 3.0 Shields
 * Level 15.7 Spellcasting
 + Level 9.2 Conjurations
 - Level 1.1 Summonings
 - Level 1.3 Necromancy
 - Level 1.1 Translocations
 + Level 8.5 Fire Magic
 - Level 1.1 Ice Magic
 - Level 1.1 Air Magic
 - Level 1.0 Earth Magic
 - Level 1.1 Poison Magic
 - Level 1.2 Evocations


You had 3 spell levels left.
You knew the following spells:

 Your Spells              Type           Power      Damage    Failure   Level
a - Magic Dart            Conj           100%       1d8       1%          1
b - Mephitic Cloud        Conj/Pois/Air  46%        N/A       1%          3
c - Call Imp              Summ           30%        N/A       2%          2
d - Blink                 Tloc           60%        N/A       2%          2
e - Conjure Flame         Conj/Fire      67%        6-21      1%          3
f - Foxfire               Conj/Fire      100%       2x1d9     1%          1
g - Fireball              Conj/Fire      33%        3d14      1%          5
h - Stone Arrow           Conj/Erth      100%       3d13      1%          3
i - Freezing Cloud        Conj/Ice/Air   23%        6-21      4%          5
j - Starburst             Conj/Fire      33%        6d10      3%          6
k - Orb of Destruction    Conj           34%        9d10      14%         7

Your spell library contained the following spells:

 Spells                   Type           Power      Damage    Failure   Level
 Inner Flame              Hex/Fire       49%        N/A       1%          3
 Necrotise                Necr           100%       1d9       1%          1
 Sandblast                Erth           58%        2d13      1%          1
 Summon Small Mammal      Summ           100%       N/A       1%          1
 Ignite Poison            Fire/Tmut/Pois 42%        N/A       1%          3
 Slow                     Hex            92%        N/A       2%          1
 Passwall                 Tmut/Erth      21%        N/A       3%          2
 Vampiric Draining        Necr           31%        2d8       4%          3
 Call Canine Familiar     Summ           30%        N/A       5%          3
 Summon Guardian Golem    Hex/Summ       26%        N/A       7%          3
 Iskenderun's Battlesphe  Conj           68%        2d12      1%          5
 Conjure Ball Lightning   Conj/Air       26%        3x3d7     13%         6
 Agony                    Necr           31%        N/A       41%         5
 Ignition                 Fire           33%        3d10      78%         8


Dungeon Overview and Level Annotations

Branches:
Dungeon (13/15)            Temple (0/1) D:7            Lair (0/6) D:9
    Orc: D:9-12      Vaults: D:13-14

Altars:
Ashenzari
Dithmenos
Elyvilon
Fedhas
Gozag
Hepliaklqana
Qazlal
Sif Muna
Trog
Vehumet
Yredelemnul

Shops:
D:3 [   D:4 *   D:8 *   D:10 [!!(   D:11 [=


Message History

Casting: Stone Arrow (safe; 1% risk of failure)
Confirm with . or Enter, or press ? or * to list all spells.
Aiming: Stone Arrow (safe; 1% risk of failure)
Press: ? - help, Shift-Dir - straight line, f - skeletal warrior
Aim: a skeletal warrior, wielding a +0 glaive and wearing a +0 ring mail (moderately damaged, 81% to hit)
The stone arrow hits the skeletal warrior!!
The skeletal warrior is severely damaged.
Casting: Stone Arrow (safe; 1% risk of failure)
Confirm with . or Enter, or press ? or * to list all spells.
Aiming: Stone Arrow (safe; 1% risk of failure)
Press: ? - help, Shift-Dir - straight line, f/p - skeletal warrior
Aim: a skeletal warrior, wielding a +0 glaive and wearing a +0 ring mail (severely damaged, 81% to hit)
The stone arrow misses the skeletal warrior.
The skeletal warrior hits you from afar with a +0 glaive.
Casting: Stone Arrow (safe; 1% risk of failure)
Confirm with . or Enter, or press ? or * to list all spells.
Aiming: Stone Arrow (safe; 1% risk of failure)
Press: ? - help, Shift-Dir - straight line, f/p - skeletal warrior
Aim: a skeletal warrior, wielding a +0 glaive and wearing a +0 ring mail (severely damaged, 81% to hit)
The stone arrow hits the skeletal warrior.
The skeletal warrior is severely damaged.
The skeletal warrior hits you from afar with a +0 glaive!!
Casting: Stone Arrow (safe; 1% risk of failure)
Confirm with . or Enter, or press ? or * to list all spells.
Aiming: Stone Arrow (safe; 1% risk of failure)
Press: ? - help, Shift-Dir - straight line, f/p - skeletal warrior
Aim: a skeletal warrior, wielding a +0 glaive and wearing a +0 ring mail (severely damaged, 81% to hit)
The stone arrow hits the skeletal warrior.
The skeletal warrior is severely damaged.
The skeletal warrior hits you from afar with a +0 glaive!!
* * * LOW HITPOINT WARNING * * *
Casting: Stone Arrow (safe; 1% risk of failure)
Confirm with . or Enter, or press ? or * to list all spells.
Aiming: Stone Arrow (safe; 1% risk of failure)
Press: ? - help, Shift-Dir - straight line, f/p - skeletal warrior
Aim: a skeletal warrior, wielding a +0 glaive and wearing a +0 ring mail (severely damaged, 81% to hit)
Okay, then.
Unknown command.
The skeletal warrior hits you from afar with a +0 glaive!
You die...

##################
#@.............[..
#.###..###......##
#z# #..# #......#
#.# #..# #..<...#
#§# #..# #......#
#§# #..# #......#
#.###..# #......##
#....D.# #..(.....
#..###z###........


You could see a skeletal warrior.

Vanquished Creatures
  2 hydras
  A two-headed ogre (D:10)
  Amaemon (D:9)
  A wizard (D:10)
  2 cyclopes
  An orange demon (D:9)
  An elephant (D:9)
  A komodo dragon (D:10)
  3 kobold demonologists (D:8)
  A hornet (D:9)
  2 wraiths
  2 shadows
  8 yaks
  A centaur simulacrum (D:10)
  2 wyverns (D:8)
  Eustachio (D:5)
  A basilisk (D:9)
  3 vampire mosquitoes (D:11)
  A water moccasin (D:7)
  An ice beast (D:10)
  2 black bears
  4 orc warriors
  An ogre (D:5)
  A wolf (D:10)
  4 centaurs
  A phantom (D:6)
  5 kobold brigands
  4 bullfrogs
  A gnoll sergeant (D:6)
  6 necrophages (D:5)
  3 scorpions
  7 wights
  3 killer bees (D:9)
  6 howler monkeys
  A bullfrog zombie (D:5)
  A crimson imp (D:10)
  A lava snake (D:10)
  6 hounds
  9 orc priests
  5 iguanas
  10 orc wizards
  3 gnolls (D:6)
  2 adders
  2 white imps
  An ufetubus (D:7)
  2 worms
  2 dart slugs
  41 orcs
  6 ball pythons
  7 bats
  10 endoplasms
  2 giant cockroaches
  9 goblins
  3 hobgoblins
  3 jackals (D:5)
  6 quokkas
  11 kobolds
  8 rats
  A bush (D:6)
236 creatures vanquished.

Vanquished Creatures (collateral kills)
  The ghost of SirDiesAlot the Magician, an amateur DEVM (D:3)
  5 foxfires (D:6)
6 creatures vanquished.

Vanquished Creatures (others)
  3 bushes (D:5)
  309 foxfires
  12 plants (D:5)
324 creatures vanquished.

Grand Total: 566 creatures vanquished

Notes
Turn   | Place    | Note
-------+----------+-------------------------------------------
     0 | D:1      | pokeman the Deep Elf Hedge Wizard began the quest for the
                  | Orb.
     0 | D:1      | Reached XP level 1. HP: 10/10 MP: 7/7
   370 | D:1      | Reached XP level 2. HP: 15/15 MP: 7/9
  1031 | D:1      | Reached skill level 5 in Spellcasting
  1270 | D:1      | Reached XP level 3. HP: 20/20 MP: 7/11
  1274 | D:1      | Learned a level 3 spell: Mephitic Cloud
  1277 | D:1      | Learned a level 2 spell: Call Imp
  1280 | D:1      | Learned a level 2 spell: Blink
  1284 | D:1      | Learned a level 3 spell: Conjure Flame
  1687 | D:2      | Found a faded altar of an unknown god.
  1894 | D:2      | Reached skill level 1 in Armour
  2341 | D:2      | Reached skill level 1 in Fighting
  2770 | D:3      | Noticed SirDiesAlot's ghost (amateur DEVM)
  2770 | D:3      | Found a runed translucent door.
  2835 | D:2      | Reached XP level 4. HP: 15/25 MP: 8/13
  3116 | D:3      | Found Neco's Armour Boutique.
  3844 | D:3      | Reached skill level 6 in Spellcasting
  3844 | D:3      | Reached XP level 5. HP: 29/29 MP: 7/15
  4046 | D:3      | Killed SirDiesAlot's ghost
  4047 | D:3      | Reached skill level 1 in Fire Magic
  4047 | D:3      | Reached skill level 1 in Air Magic
  4094 | D:4      | Found Kipefuaw's Assorted Antiques.
  4100 | D:4      | Reached XP level 6. HP: 31/34 MP: 11/17
  4206 | D:4      | Found an opulent altar of Gozag.
  4459 | D:4      | Found a radiant altar of Vehumet.
  4498 | D:4      | Became a worshipper of Vehumet
  4973 | D:5      | Entered Level 5 of the Dungeon
  4973 | D:5      | Noticed Eustachio
  5046 | D:5      | Reached skill level 7 in Spellcasting
  5046 | D:5      | Reached skill level 1 in Poison Magic
  5169 | D:5      | Reached skill level 1 in Necromancy
  5169 | D:5      | Reached skill level 1 in Evocations
  5169 | D:5      | Reached XP level 7. HP: 38/38 MP: 12/20
  5265 | D:5      | Killed Eustachio
  5266 | D:5      | Reached skill level 8 in Spellcasting
  5313 | D:5      | Found a blossoming altar of Fedhas.
  5663 | D:5      | Found a broken altar of Ashenzari.
  6089 | D:5      | Reached XP level 8. HP: 44/44 MP: 8/22
  6227 | D:5      | Reached skill level 9 in Spellcasting
  6380 | D:5      | Reached * piety under Vehumet
  6380 | D:5      | Offered knowledge of Foxfire by Vehumet.
  6383 | D:5      | Learned a level 1 spell: Foxfire
  6389 | D:5      | Learned a level 5 spell: Freezing Cloud
  6510 | D:6      | Reached skill level 5 in Conjurations
  6653 | D:6      | Reached skill level 1 in Ice Magic
  6736 | D:6      | Reached skill level 1 in Shields
  6736 | D:6      | Reached skill level 10 in Spellcasting
  7103 | D:6      | Found a basalt altar of Yredelemnul.
  7393 | D:6      | Found a shimmering blue altar of Sif Muna.
  8104 | D:7      | Reached XP level 9. HP: 21/48 MP: 16/25
  8847 | D:7      | Found a hazy altar of Hepliaklqana.
  9001 | D:7      | Offered knowledge of Shock by Vehumet.
  9003 | D:7      | Reached skill level 11 in Spellcasting
  9096 | D:7      | Found a staircase to the Ecumenical Temple.
  9352 | D:7      | Reached skill level 5 in Fire Magic
  9399 | D:7      | Reached ** piety under Vehumet
  9792 | D:8      | Found Zivvas's Mass Market.
  9895 | D:8      | Found the +7 Throatcutter {drain, coup de grace}
  9895 | D:8      | Noticed a kobold demonologist
  9895 | D:8      | Noticed a kobold demonologist
  9895 | D:8      | Noticed a kobold demonologist
  9900 | D:8      | Noticed an ice devil
  9903 | D:8      | Noticed a sixfirhy
  9906 | D:8      | Noticed a red devil
  9908 | D:8      | Killed a kobold demonologist
  9910 | D:8      | Killed a kobold demonologist
  9911 | D:8      | Reached skill level 12 in Spellcasting
  9938 | D:8      | Killed a kobold demonologist
 10186 | D:8      | Reached XP level 10. HP: 53/53 MP: 25/28
 10471 | D:8      | Found a stormy altar of Qazlal.
 10703 | D:8      | Identified the +1 hand axe "Eviscerator" {speed, Dex+3}
 10903 | D:8      | Found a bloodstained altar of Trog.
 11035 | D:9      | Learned a level 3 spell: Stone Arrow
 11094 | D:9      | Reached skill level 13 in Spellcasting
 11382 | D:9      | Noticed an elephant
 11403 | D:9      | Reached skill level 1 in Earth Magic
 11433 | D:9      | Killed an elephant
 11445 | D:9      | Noticed Amaemon
 11451 | D:9      | Noticed an orange demon
 11633 | D:9      | Killed Amaemon
 11644 | D:9      | Killed an orange demon
 11868 | D:9      | Offered knowledge of Dazzling Flash by Vehumet.
 11869 | D:9      | Reached skill level 14 in Spellcasting
 12085 | D:9      | Found a staircase to the Lair.
 12514 | D:9      | Found a shadowy altar of Dithmenos.
 12869 | D:10     | Entered Level 10 of the Dungeon
 12896 | D:10     | Reached XP level 11. HP: 60/60 MP: 20/31
 12969 | D:10     | Found Quxebisux's Antique Weapon Shop.
 13017 | D:10     | Found Ucsalawn's Distillery.
 13069 | D:10     | Bought a potion of curing for 36 gold pieces
 13069 | D:10     | Bought a potion of heal wounds for 60 gold pieces
 13069 | D:10     | Bought a potion of flight for 36 gold pieces
 13084 | D:10     | You fall into a shaft and drop 3 floors!
 13243 | D:13     | Noticed a six-headed hydra
 13257 | D:13     | Killed a six-headed hydra
 13603 | D:10     | Reached *** piety under Vehumet
 13747 | D:10     | Found a white marble altar of Elyvilon.
 13761 | D:10     | Reached skill level 15 in Spellcasting
 13960 | D:10     | Found Olais's Armour Emporium.
 14098 | D:10     | Noticed a two-headed ogre
 14118 | D:10     | Killed a two-headed ogre
 14218 | D:10     | Learned a level 5 spell: Fireball
 14225 | D:10     | Learned a level 6 spell: Starburst
 14262 | D:10     | Found Jitirar's Distillery.
 14367 | D:10     | Noticed a wizard
 14373 | D:10     | Killed a wizard
 14392 | D:10     | Learned a level 7 spell: Orb of Destruction
 14484 | D:10     | Bought a +2 pair of boots of stealth for 258 gold pieces
 14590 | D:11     | Found Howoco's Armour Shoppe.
 14643 | D:11     | Found Plog's Jewellery Emporium.
 14646 | D:11     | Offered knowledge of Inner Flame by Vehumet.
 14836 | D:11     | Noticed a skeletal warrior
 14836 | D:11     | Noticed a seven-headed hydra
 14852 | D:11     | Killed a seven-headed hydra
 14859 | D:11     | Slain by a skeletal warrior

Illustrated notes

Levels and vault maps discovered:
D:1:      psy_arrival_heroes, layout_loops_ring, chequers_serial_rivers_micro_a
D:2:      minmay_spotlight, layout_basic, chequers_ecumenical_altar_island
D:3:      layout_loops_ring, gammafunk_ghost_grave, serial_shops, shop
D:4:      layout_rooms, grunt_gozag_breadcrumbs, vehumet_altar_wand_db,
          serial_shops, nicolae_shop_stone
D:5:      layout_rooms, fedhas_altar_decomposition, lemuel_doored_altar,
          st_stairs_4, uniq_eustachio
D:6:      layout_basic, mainiacjoe_overflow_cross_hatched,
          mainiacjoe_overflow_alcove_4, minmay_hedge_maze
D:7:      hellmonk_ruined_rings, layout_loops_corners,
          overflow_temple_1_default, minmay_temple_entry_large_hall
D:8:      layout_loops_ring, lemuel_round_altar,
          mainiacjoe_overflow_concentric_impassable, minmay_shop_mass,
          minmay_misc_feat_hallway, dilly_guarded_unrand_throatcut
D:9:      layout_basic, nicolae_dithmenos_through_a_glass_darkly,
          david_lair_generic, uniq_amaemon
D:10:     layout_loops_corners, elyvilon_altar_5, serial_shops,
          nicolae_shop_temple_entry_statues_fountains, shop_fountains,
          nicolae_shop_temple_entry_statues_fountains,
          nicolae_inconvenience_store, serial_ice, serial_ice_m, serial_ice_o,
          serial_ice_g, serial_ice_h, lightli_wizard_tower
D:11:     minmay_imperfect_grid, layout_long_grid, serial_shops,
          nicolae_shop_bloodbath_and_beyond, nicolae_shop_stone, shop,
          nicolae_shop_behind_doors, kennysheep_mini
D:12:     layout_roguey, david_orc_3, serial_glass, glass_columns_c,
          glass_columns_b, kennysheep_small_spiral,
          lemuel_zombie_altar_kikubaaqudgha
D:13:     layout_stronghold

Skill      XL: |  1  2  3  4  5  6  7  8  9 10 11 |
---------------+----------------------------------+-----
Spellcasting   | 5 6 7 8 10 12 14 15 | 15.7
Armour         | 1 2 3 |  3.9
Fighting       | 1 2 3 4 |  4.0
Conjurations   | 2 3 4 5 7 8 9 |  9.2
Dodging        | 3 |  3.0
Stealth        | 3 |  3.1
Fire Magic     | 1 2 4 6 7 8 |  8.5
Air Magic      | 1 |  1.1
Poison Magic   | 1 |  1.1
Necromancy     | 1 |  1.3
Evocations     | 1 |  1.2
Ice Magic      | 1 |  1.1
Shields        | 1 3 |  3.0
Earth Magic    | 1 |  1.0
Summonings     | |  1.1
Translocations | |  1.1

Action                   |  1- 3 |  4- 6 |  7- 9 | 10-12 || total
-------------------------+-------+-------+-------+-------++-------
Melee: Whip              |    12 |    31 |   101 |       ||   144
       Long sword        |       |       |    11 |    59 ||    70
       Punch             |       |       |     1 |       ||     1
 Cast: Magic Dart        |   107 |    74 |   165 |     4 ||   350
       Mephitic Cloud    |     1 |     8 |    20 |    29 ||    58
       Conjure Flame     |       |     4 |    15 |    23 ||    42
       Call Imp          |       |     2 |     1 |     1 ||     4
       Foxfire           |       |       |    76 |    98 ||   174
       Stone Arrow       |       |       |       |    24 ||    24
       Blink             |       |       |       |     3 ||     3
       Fireball          |       |       |       |     6 ||     6
       Freezing Cloud    |       |       |       |     2 ||     2
 Stab: Sleeping          |     1 |       |       |       ||     1
       Confused          |       |     2 |    10 |     6 ||    18
Armor: Robe              |     1 |       |       |       ||     1
       Leather armour    |     9 |    11 |    38 |    25 ||    83
Dodge: Dodged            |    20 |    37 |    63 |    65 ||   185

Table legend: (Time is in decaauts)
 A = Elapsed time spent in this place.
 B = Non-inter-level travel time spent in this place.
 C = Inter-level travel time spent in this place.
 D = Time resting spent in this place.
 E = Time spent auto-exploring this place.
 F = Levels seen in this place.
 G = Mean time per level.
                   A        B        C        D        E       F      G
               +--------+--------+--------+--------+--------+-----+--------+
         Total |  14924 |  14526 |    398 |   1316 |  10849 |  13 | 1148.0 |
       Dungeon |  14924 |  14526 |    398 |   1316 |  10849 |  13 | 1148.0 |
               +--------+--------+--------+--------+--------+-----+--------+

Top non-repeatable levels by time:
     D:9: 1821 daAuts
     D:7: 1669 daAuts
     D:6: 1601 daAuts
     D:1: 1518 daAuts
     D:2: 1433 daAuts
    D:10: 1414 daAuts
     D:3: 1341 daAuts
     D:8: 1335 daAuts
     D:5: 1316 daAuts
     D:4: 893 daAuts
    D:13: 332 daAuts
    D:11: 200 daAuts
    D:12: 46 daAuts
